Construct Weapon Support Center
Selects Advanced Infantry Battlegroup
Selects Advanced Infantry Battlegroup
Selects Artillery Observers
Construct Medical Station
Selects Convert to Ranger Squad
Selects Designate Assault Position
Designate Assault Position
Designate Assault Position
Selects M2A1 105mm Howitzer Emplacement
Selects 155mm Rapid Artillery Barrage
Designate Assault Position
155mm Rapid Artillery Barrage
Designate Assault Position
155mm Rapid Artillery Barrage
M3 Armored Personnel Carrier
Improved M9 Bazooka Rockets